 Dungeon Crawl Stone Soup version 0.29.1-2-gbd0b4ee654 (webtiles) character file.

Game seed: 17782024917559404452

172 kingsuperguy the Chopper (level 5, -3/70 HPs)
             Began as a Minotaur Berserker on Nov 18, 2022.
             Was a Believer of Trog.
             Slain by an orc warrior
             ... wielding a +0 war axe
              (18 damage)
             ... on level 4 of the Dungeon.
             The game lasted 00:04:51 (2813 turns).

kingsuperguy the Chopper (Minotaur Berserker)       Turns: 2813, Time: 00:04:51

Health: -3/70      AC:  5    Str: 24    XL:     5   Next: 27%
Magic:  4/4        EV: 11    Int:  4    God:    Trog [**....]
Gold:   68         SH:  0    Dex:  9    Spells: 4/4 levels left

rFire   . . .      SeeInvis .   o - +2 mace (venom)
rCold   . . .      Faith    .   (no shield)
rNeg    . . .      Spirit   .   d - +0 ring mail
rPois   .          Reflect  .   (helmet restricted)
rElec   .          Harm     .   (no cloak)
rCorr   .          Rampage  .   (no gloves)
Will    .....                   (no boots)
Stlth   ..........              (no amulet)
HPRegen 0.21/turn               (no ring)
MPRegen 0.09/turn               (no ring)

@: berserking (expiring), very quick
A: horns 2, retaliatory headbutt
a: Renounce Religion, Berserk, Trog's Hand


You were on level 4 of the Dungeon.
You worshipped Trog.
Trog was pleased with you.
You visited 1 branch of the dungeon, and saw 4 of its levels.

You collected 68 gold pieces.

Inventory:

Hand Weapons
 a - a +0 hand axe
 o - a +2 mace of venom (weapon)
Missiles
 e - 39 stones (quivered)
 f - 5 poisoned darts
Armour
 b - a +0 animal skin
 d - a +0 ring mail (worn)
Scrolls
 g - 2 scrolls of acquirement {unknown}
 h - 4 scrolls of identify {unknown}
 i - a scroll of immolation {unknown}
 j - a scroll of fear {unknown}
 k - a scroll of vulnerability {unknown}
 l - a scroll of teleportation {unknown}
 n - a scroll of blinking {unknown}
 p - a scroll of amnesia {unknown}
Potions
 c - 2 potions of mutation {unknown}
 m - a potion of curing {unknown}
 q - a potion of ambrosia {unknown}


   Skills:
 + Level 4.8 Fighting
 + Level 5.3 Axes
 + Level 0.3(3.2) Maces & Flails
 + Level 3.8 Armour
 + Level 2.6 Dodging
 + Level 0.3 Stealth


You had 4 spell levels left.
You didn't know any spells.
Your spell library was empty.

Dungeon Overview and Level Annotations

Branches:
Dungeon (4/15)
 Temple: D:4-7

Altars:

Shops:
D:3 (   D:4 !


Innate Abilities, Weirdness & Mutations

You have a pair of horns on your head.
You reflexively headbutt those who attack you in melee.


Message History

The gnoll bouda is almost dead.
The gnoll bouda hits you with a +0 whip.
You sock the gnoll bouda!
You kill the gnoll bouda!
Trog accepts your kill. The gnoll hits you with a +0 flail.
The gnoll hits you from afar with a +0 spear.
Your Axes skill increases to level 5!
You have reached level 5!
You closely miss the gnoll. You headbutt the gnoll!
The gnoll is severely wounded.
You hit the gnoll.
The gnoll is poisoned.
The gnoll is almost dead.
The gnoll is no longer moving quickly. x2
The gnoll hits you but does no damage. The gnoll barely misses you.
You sock the gnoll!
You feel the power of Trog in you as your rage grows.
You kill the gnoll!
Trog accepts your kill.
Your attacks no longer feel as feeble.
The gnoll hits you from afar with a +0 spear.
The gnoll hits you with a +0 spear.
Items here: )) [ †.
You closely miss the gnoll. The gnoll closely misses you.
You closely miss the gnoll.
The gnoll is no longer moving quickly. x2
You sock the gnoll!
The gnoll is poisoned.
You headbutt the gnoll.
You kill the gnoll!
Trog accepts your kill.
You can now call upon Trog for regeneration and willpower.
You closely miss the orc. Your headbutt misses the orc.
You completely miss the orc warrior. You barely miss the orc warrior.
The orc warrior hits you with a +0 war axe!
* * * LOW HITPOINT WARNING * * *
You closely miss the orc warrior. You headbutt the orc warrior!
The orc warrior is heavily wounded.
You barely miss the orc warrior.
The orc warrior is heavily wounded.
The orc warrior hits you with a +0 war axe!!
You die...

..........!$# #.#
#..P........# ###.#
#..?........# ##<..##
.##...........###...[.##
...........P..##.......#
#....og....# #.......#
#.?.Koh...# #....>..#
#o# ##.....## #@#
##.⌠.⌠# #.########
##.∩.# #........# #⌠.⌠#
########<####..##
#......## ########


You could see an orc warrior, a black bear, a gnoll, 2 orcs and a kobold.

Vanquished Creatures
  A hound (D:4)
  A gnoll bouda (D:4)
  3 adders
  3 gnolls (D:4)
  2 worms (D:3)
  2 dart slugs (D:1)
  An orc (D:3)
  4 ball pythons
  3 endoplasms
  2 giant cockroaches (D:1)
  3 hobgoblins
  4 jackals (D:3)
  A quokka (D:3)
  2 bats
  A frilled lizard (D:1)
  8 goblins
  3 kobolds
  4 rats
48 creatures vanquished.

Vanquished Creatures (others)
  15 plants (D:4)
15 creatures vanquished.

Grand Total: 63 creatures vanquished

Notes
Turn   | Place    | Note
-------+----------+-------------------------------------------
     0 | D:1      | kingsuperguy the Minotaur Berserker began the quest for the
                  | Orb.
     0 | D:1      | Reached XP level 1. HP: 19/19 MP: 0/0
   348 | D:1      | Reached XP level 2. HP: 25/27 MP: 1/1
   562 | D:1      | Reached skill level 4 in Axes
   955 | D:2      | Reached XP level 3. HP: 33/33 MP: 2/2
  2151 | D:3      | Found Qirruf's Weapon Shop.
  2420 | D:3      | Reached XP level 4. HP: 27/41 MP: 3/3
  2759 | D:4      | Found Olodeed's Distillery.
  2788 | D:4      | Noticed a black bear
  2789 | D:4      | Noticed an orc warrior
  2792 | D:4      | Reached ** piety under Trog
  2802 | D:4      | Reached skill level 5 in Axes
  2802 | D:4      | Reached XP level 5. HP: 27/47 MP: 4/4
  2813 | D:4      | Slain by an orc warrior

Illustrated notes

Levels and vault maps discovered:
D:1:      dpeg_arrival_solitude, layout_rooms
D:2:      layout_basic
D:3:      layout_basic, serial_shops, nicolae_shop_crystal
D:4:      layout_loops_ring, serial_shops, shop, shop, shop, shop_fountains,
          nicolae_grassy_gnolls

Skill      XL: |  1  2  3  4 |
---------------+-------------+-----
Fighting       | 4 |  4.8
Axes           | 4 5 |  5.3
Armour         | 3 |  3.8
Maces & Flails | |  0.3
Dodging        | |  2.6
Stealth        | |  0.3

Action                   |  1- 3 |  4- 6 || total
-------------------------+-------+-------++-------
Melee: Hand axe          |    88 |     6 ||    94
       Headbutt          |     9 |     6 ||    15
       Mace              |       |    24 ||    24
Invok: Berserk           |       |     1 ||     1
Armor: Animal skin       |     8 |       ||     8
       Ring mail         |    10 |     7 ||    17
Dodge: Dodged            |    45 |    10 ||    55
